 Dungeon Crawl Stone Soup version 0.25.1-2-g60ff931df9 (webtiles) character file.

Game seed: 17841739135376194884

80144 Delamore the Warrior (level 15, -9/111 HPs)
             Began as a Gargoyle Fighter on Aug 20, 2020.
             Was the Champion of Okawaru.
             Killed from afar by an ogre mage (14 damage)
             ... with a bolt of lightning
             ... on level 2 of the Orcish Mines on Aug 21, 2020.
             The game lasted 00:28:17 (20298 turns).

Delamore the Warrior (Gargoyle Fighter)            Turns: 20298, Time: 00:28:18

Health: -9/111     AC: 32    Str: 33    XL:     15   Next: 66%
Magic:  13/15      EV:  7    Int:  8    God:    Okawaru [******]
Gold:   2409       SH: 16    Dex:  9    Spells: 14/14 levels left

rFire    + . .     SeeInvis .   O - +6 demon whip (flame)
rCold    + . .     Gourm    .   c - +1 kite shield
rNeg     + . .     Faith    +   Y - +2 plate armour {rF+}
rPois    ∞         Spirit   .   L - +0 helmet {Int+3}
rElec    +         Reflect  .   P - scarf {repulsion}
rCorr    .         Harm     .   v - +0 pair of gloves
MR       +....                  a - +0 pair of boots
Stlth    ..........             k - amulet of faith
HPRegen  0.68/turn              b - ring of protection from cold
MPRegen  0.14/turn              T - ring of Lamniuf {AC+4 Str+7 Int-4}

@: flying, very slightly contaminated, repel missiles
A: big wings, negative energy resistance 1, sense surroundings 1, regeneration
1, electricity resistance, unbreathing, petrification resistance, rot immunity,
AC +11
a: Stop Flying, Heroism, Finesse, Renounce Religion


You were on level 2 of the Orcish Mines.
You worshipped Okawaru.
Okawaru was exalted by your worship.
You were not hungry.

You visited 4 branches of the dungeon, and saw 21 of its levels.
You also visited: Gauntlet and Volcano.

You collected 2409 gold pieces.

Inventory:

Hand Weapons
 O - a +6 demon whip of flaming (weapon)
Missiles
 p - 23 javelins (quivered)
Armour
 a - a +0 pair of boots (worn)
 c - a +1 kite shield (worn)
 v - a +0 pair of gloves (worn)
 L - a +0 helmet of intelligence (worn)
 P - a scarf of repulsion (worn)
 Y - a +2 plate armour of fire resistance (worn)
Jewellery
 b - a ring of protection from cold (left hand)
 k - an amulet of faith (around neck)
 N - an uncursed amulet of reflection
 T - the ring of Lamniuf (right hand) {AC+4 Str+7 Int-4}
   (You found it in a Gauntlet)

   [ring of protection]

   It affects your AC (+4).
   It affects your strength (+7).
   It affects your intelligence (-4).
 W - an uncursed ring of see invisible {unknown}
Wands
 e - a wand of paralysis (8)
 n - a wand of disintegration (23)
 y - a wand of iceblast (18)
 E - a wand of flame (76)
 F - a wand of digging (6)
 M - a wand of acid (8)
 V - a wand of clouds (5)
Scrolls
 g - 6 scrolls of remove curse
 h - 7 scrolls of enchant armour
 j - a scroll of blinking
 l - 11 scrolls of teleportation
 m - 7 scrolls of amnesia
 w - 4 scrolls of magic mapping
 x - 7 scrolls of immolation
 C - a scroll of silence
 H - 3 scrolls of fog
 U - a scroll of fear
Potions
 d - 3 potions of might
 i - a potion of berserk rage {unknown}
 t - 2 potions of mutation
 u - 2 potions of curing
 z - 4 potions of heal wounds
 I - 4 potions of resistance
 K - 4 potions of haste
 S - a potion of cancellation {unknown}
 Z - 3 potions of brilliance {unknown}
Miscellaneous
 X - a phantom mirror
Comestibles
 f - 33 rations


   Skills:
 + Level 19.4 Fighting
 - Level 14.0 Maces & Flails
 - Level 3.2 Armour
 - Level 15.0 Shields


You had 14 spell levels left.
You didn't know any spells.
Your spell library contained the following spells:

 Spells                   Type           Power        Failure   Level  Hunger
 Beastly Appendage        Tmut           #.....       98%         1    ##.....
 Corona                   Hex            #......      98%         1    ##.....
 Ensorcelled Hibernation  Hex/Ice        #.....       99%         2    ###....
 Slow                     Hex            #.......     99%         2    ###....
 Sticks to Snakes         Tmut           #.......     99%         2    ###....
 Confusing Touch          Hex            #.......     100%        3    ####...
 Dazzling Flash           Conj/Hex       #.....       100%        3    ####...
 Inner Flame              Hex/Fire       #.......     100%        3    ####...
 Mephitic Cloud           Conj/Pois/Air  #.......     100%        3    ####...
 Portal Projectile        Hex/Tloc       #.....       100%        3    ####...
 Spider Form              Tmut/Pois      #.........   100%        3    ####...
 Tukima's Dance           Hex            #.......     100%        3    ####...
 Cause Fear               Hex            #.........   100%        4    #####..
 Ice Form                 Ice/Tmut       #.......     100%        4    #####..
 Leda's Liquefaction      Hex/Erth       #.........   100%        4    #####..
 Blade Hands              Tmut           #.........   100%        5    ######.
 Fireball                 Conj/Fire      #.........   100%        5    ######.
 Irradiate                Conj/Tmut      #.........   100%        5    ######.
 Spellforged Servitor     Conj/Summ      #.........   100%        7    #######


Dungeon Overview and Level Annotations

Branches:
Dungeon (12/15)            Temple (1/1) D:7            Lair (6/6) D:8
 Shoals (0/4) Lair:4        Snake (0/4) Lair:4        Slime (0/5) Lair:6
    Orc (2/2) D:12            Elf (0/3) Orc:2       Volcano (visited)
Gauntlet (visited)

Altars:
Ashenzari
Cheibriados
Elyvilon
Makhleb
Nemelex Xobeh
Okawaru
Ru
Trog
Vehumet
Wu Jian
Xom
Zin

Shops:
Orc:2 [(

Annotations:
Lair:1 exclusion: 2 oklob plants
Lair:2 3 runed translucent doors, exclusion: oklob plant, Hyperion's ghost, journeyman VSMo
Lair:3 2 transporters, Nopueh's ghost, journeyman DEAE


Innate Abilities, Weirdness & Mutations

You are resistant to torment.
Your stone body is resilient. (AC +11)
You are immune to poison.
Your large and strong wings let you fly indefinitely.
You resist negative energy. (rN+)
You are resistant to electric shocks. (rElec)
You can survive without breathing.
You are immune to petrification.
You are immune to rotting.
You passively map a small area around you.
Your natural rate of healing is unusually fast.


Message History

* * * LOW HITPOINT WARNING * * *
Okay, then.
The ogre is no longer moving quickly.
The ogre mage points at you and mumbles some strange words.
The bolt of lightning hits you. You resist.
* * * LOW HITPOINT WARNING * * *
Blink to where?
Press: ? - help, Dir - move target cursor You are very lightly contaminated with residual magic.
As you read the scroll of blinking, it crumbles to dust.
All of the chunks of flesh in your inventory have rotted away.
Things that are here:
a +0 flail; an orc skeleton The ogre mage points at you and mumbles some strange words.
The bolt of lightning hits you! You resist.
* * * LOW HITPOINT WARNING * * *
There is a stone staircase leading up here.
The ogre mage gestures at you while chanting.
The bolt of lightning hits you! You resist.
You die...

#.#........#...#......#.....
# #............#............
#...#........###...........
##.#.........##,..........#
######...#...##.#.........
#.......#.##[.......##.#
#.....)..##.#...........
#...#.#..[[......##...## *
.....##@..[....#.#......
,.... ##.÷)....# #...... ,
.. ##.......#####.... ,
#.........#####... ,,
##...O.......#.... * ,
,.....###.O......... .......
##.......### ....###
#......## * .... *
#......####


You could see 2 ogre magi.

Vanquished Creatures
  A stone giant (Orc:2)
  A minotaur (Gauntlet)
  Snorg (D:10)
  6 hydras
  A merfolk avatar (Lair:6)
  Erica (D:11)
  13 two-headed ogres
  4 death yaks (Lair:5)
  An orc high priest (Orc:1)
  An unseen horror (D:12)
  A sea snake (Lair:6)
  A deep troll (Orc:2)
  3 manticores
  2 orc sorcerers (Orc:1)
  3 cyclopes
  Maurice (D:9)
  A moth of wrath (Gauntlet)
  3 salamanders (Volcano)
  4 black mambas
  14 elephants
  A gargoyle (D:11)
  12 spiny frogs
  10 komodo dragons
  9 rime drakes
  3 meliai (Gauntlet)
  5 trolls
  A wind drake (Lair:6)
  A queen bee (Lair:3)
  5 polar bears
  4 hornets
  A slime creature (D:12)
  Grinder (D:3)
  17 hippogriffs
  8 blink frogs
  9 dream sheep
  Sigmund (D:5)
  12 wyverns
  Eustachio (D:5)
  9 basilisks
  63 yaks
  A wraith (D:12)
  6 hungry ghosts
  A neqoxec (Gauntlet)
  4 wargs
  A steam dragon (Lair:5)
  A chaos spawn (Gauntlet)
  An acid dragon (D:12)
  4 soldier ants
  4 hell hounds
  3 floating eyes (D:12)
  15 water moccasins
  7 porcupines
  A black bear (D:8)
  17 orc warriors
  3 ice beasts
  3 sky beasts
  2 eyes of draining (D:12)
  A necrophage (D:11)
  9 ogres
  14 centaurs
  4 phantoms
  8 wolves
  10 crocodiles
  16 bullfrogs
  A wyvern zombie (D:9)
  2 wyvern skeletons (D:12)
  33 killer bees
  A scorpion (D:11)
  9 wights
  A howler monkey (D:10)
  12 jellies (Lair:6)
  4 bullfrog zombies
  9 crimson imps
  A quasit (D:12)
  7 hounds
  17 orc wizards
  11 orc priests
  2 centaur skeletons
  3 iguanas
  11 worker ants
  A killer bee zombie (D:9)
  2 hound zombies (D:9)
  A hound skeleton (D:8)
  A mummy (D:8)
  A worker ant zombie (D:5)
  A howler monkey skeleton (D:11)
  19 adders
  4 river rats (D:4)
  A shadow imp (D:7)
  2 oozes
  An adder zombie (D:7)
  8 worms
  3 dart slugs
  3 leopard geckos
  83 orcs
  4 giant cockroaches
  3 goblins
  7 hobgoblins
  10 jackals
  6 quokkas
  3 ball pythons (Lair:4)
  3 bats
  2 frilled lizards
  6 kobolds
  A quokka skeleton (D:5)
  3 rats
675 creatures vanquished.

Vanquished Creatures (others)
  A hell hog (Volcano)
  A troll (Orc:2)
  A centaur (Volcano)
  2 jellies
  6 demonic plants (Gauntlet)
  17 fungi
  17 plants
45 creatures vanquished.

Grand Total: 720 creatures vanquished

Notes
Turn   | Place    | Note
-------+----------+-------------------------------------------
     0 | D:1      | Delamore the Gargoyle Fighter began the quest for the Orb.
     0 | D:1      | Reached XP level 1. HP: 14/14 MP: 1/1
    82 | D:1      | Reached XP level 2. HP: 19/19 MP: 2/2
   529 | D:1      | Reached XP level 3. HP: 23/23 MP: 3/3
  1097 | D:2      | Found a sparkling altar of Nemelex Xobeh.
  1648 | D:3      | Noticed Grinder
  1896 | D:3      | Paralysed by Grinder for 6 turns
  1914 | D:2      | Reached XP level 4. HP: 15/28 MP: 4/4
  2062 | D:3      | Paralysed by Grinder for 7 turns
  2144 | D:3      | Paralysed by Grinder for 2 turns
  2155 | D:3      | Paralysed by Grinder for 2 turns
  2160 | D:3      | Killed Grinder
  2160 | D:3      | Reached XP level 5. HP: 17/32 MP: 5/5
  2160 | D:3      | Reached XP level 6. HP: 20/37 MP: 6/6
  2744 | D:4      | Noticed a phantom
  2786 | D:4      | Killed a phantom
  2958 | D:4      | Found a sacrificial altar of Ru.
  3267 | D:4      | Reached XP level 7. HP: 41/41 MP: 7/7
  3282 | D:4      | Found an iron altar of Okawaru.
  4002 | D:5      | Entered Level 5 of the Dungeon
  4028 | D:5      | Noticed Eustachio
  4055 | D:5      | Killed Eustachio
  4176 | D:5      | Reached XP level 8. HP: 46/46 MP: 8/8
  4277 | D:5      | Found a white marble altar of Elyvilon.
  4651 | D:5      | Gained mutation: Your natural rate of healing is unusually
                  | fast. [potion of mutation]
  4651 | D:5      | Gained mutation: You passively map a small area around you.
                  | [potion of mutation]
  4732 | D:6      | Noticed Sigmund
  4787 | D:5      | Killed Sigmund
  4787 | D:5      | Reached skill level 10 in Maces & Flails
  5210 | D:6      | Found a shattered altar of Ashenzari.
  5210 | D:6      | Found a shimmering altar of Xom.
  5214 | D:6      | Found a bloodstained altar of Trog.
  5784 | D:7      | Reached XP level 9. HP: 48/51 MP: 9/9
  6027 | D:7      | Found an ornate altar of the Wu Jian Council.
  6444 | D:4      | Became a worshipper of Warmaster Okawaru
  6538 | D:7      | Found a staircase to the Ecumenical Temple.
  7176 | D:8      | Reached * piety under Okawaru
  7208 | D:8      | Reached XP level 10. HP: 25/56 MP: 10/10
  7392 | D:8      | Noticed an Executioner
  7393 | D:8      | Found a burning altar of Makhleb.
  7396 | D:8      | Found a glowing silver altar of Zin.
  7396 | D:8      | Noticed an angel
  7402 | D:8      | Found a radiant altar of Vehumet.
  7464 | D:8      | Found a snail-covered altar of Cheibriados.
  7568 | D:8      | Noticed a two-headed ogre
  7714 | Temple   | Entered the Ecumenical Temple
  7804 | D:8      | Killed a two-headed ogre
  7876 | D:8      | Reached ** piety under Okawaru
  7882 | D:8      | Reached skill level 5 in Shields
  8182 | D:8      | Found a staircase to the Lair.
  8201 | Lair:1   | Entered Level 1 of the Lair of Beasts
  8201 | Lair:1   | Noticed a spiny frog
  8216 | Lair:1   | Killed a spiny frog
  8285 | Lair:1   | Noticed a spiny frog
  8292 | Lair:1   | Killed a spiny frog
  8311 | Lair:1   | Reached *** piety under Okawaru
  8327 | Lair:1   | Noticed a black mamba
  8327 | Lair:1   | Noticed an oklob plant
  8327 | Lair:1   | Noticed an oklob plant
  8359 | Lair:1   | Killed a black mamba
  8552 | Lair:1   | Reached XP level 11. HP: 60/60 MP: 11/11
  8590 | Lair:1   | Reached skill level 4 in Fighting
  8679 | Lair:1   | You fall into a shaft and drop 1 floor!
  9260 | Lair:2   | Noticed an oklob plant
  9423 | Lair:2   | Reached skill level 5 in Fighting
  9476 | Lair:2   | Reached **** piety under Okawaru
  9509 | Lair:2   | Reached skill level 10 in Shields
  9557 | Lair:2   | Found a runed translucent gate.
  9558 | Lair:2   | Found a runed translucent gate.
  9559 | Lair:2   | Found a runed translucent gate.
  9559 | Lair:2   | Noticed Hyperion's ghost (journeyman VSMo)
  9846 | Lair:3   | Found a transporter.
  9846 | Lair:3   | Found a transporter.
  9883 | Lair:3   | Reached skill level 6 in Fighting
  9922 | Lair:3   | Noticed Nopueh's ghost (journeyman DEAE)
 10201 | Lair:3   | Reached ***** piety under Okawaru
 10201 | Lair:3   | Reached skill level 7 in Fighting
 10599 | Lair:3   | Reached skill level 8 in Fighting
 10703 | Lair:3   | Reached XP level 12. HP: 41/74 MP: 12/12
 11177 | Lair:4   | Received a gift from Okawaru
 11267 | Lair:4   | Reached skill level 9 in Fighting
 11500 | Lair:4   | Found a staircase to the Snake Pit.
 11657 | Lair:4   | Found a staircase to the Shoals.
 11716 | Lair:4   | Reached skill level 10 in Fighting
 11764 | Lair:4   | Reached ****** piety under Okawaru
 11766 | Lair:4   | Received a gift from Okawaru
 11816 | Lair:4   | Reached skill level 11 in Fighting
 11875 | Lair:4   | Reached XP level 13. HP: 10/84 MP: 13/13
 12254 | Lair:4   | Reached skill level 12 in Fighting
 12827 | Lair:5   | Received a gift from Okawaru
 13271 | Lair:5   | Reached skill level 13 in Fighting
 13285 | Lair:5   | Reached skill level 15 in Shields
 13824 | Lair:6   | Entered Level 6 of the Lair of Beasts
 13851 | Lair:6   | Found a gate leading to a gauntlet.
 13860 | Gauntlet | Entered a Gauntlet
 13860 | Gauntlet | Found a transporter.
 13869 | Gauntlet | Found a transporter.
 13871 | Gauntlet | Found a transporter.
 13873 | Gauntlet | Found a transporter.
 13905 | Gauntlet | Found a transporter.
 13916 | Gauntlet | Found a transporter.
 13931 | Gauntlet | Found a transporter.
 13935 | Gauntlet | Found a large runed translucent door.
 13935 | Gauntlet | Found a large runed translucent door.
 13937 | Gauntlet | Found a large runed translucent door.
 13937 | Gauntlet | Found a large runed translucent door.
 13937 | Gauntlet | Found a large runed translucent door.
 13938 | Gauntlet | Found a runed translucent door.
 13939 | Gauntlet | Found a transporter.
 13940 | Gauntlet | Found a runed translucent door.
 13941 | Gauntlet | Found a large runed translucent door.
 13941 | Gauntlet | Found a large runed translucent door.
 13941 | Gauntlet | Found a large runed translucent door.
 13942 | Gauntlet | Found a large runed translucent door.
 13943 | Gauntlet | Found a large runed translucent door.
 13948 | Gauntlet | Found a large runed translucent door.
 13948 | Gauntlet | Found a large runed translucent door.
 13949 | Gauntlet | Found a large runed translucent door.
 13949 | Gauntlet | Found a large runed translucent door.
 13949 | Gauntlet | Found a large runed translucent door.
 13949 | Gauntlet | Found a large runed translucent door.
 13952 | Gauntlet | Found a runed translucent gate.
 13952 | Gauntlet | Found a runed translucent gate.
 13952 | Gauntlet | Found a runed translucent gate.
 13954 | Gauntlet | Found a transporter.
 13973 | Gauntlet | Found a transporter.
 13985 | Gauntlet | Found a transporter.
 13997 | Gauntlet | Found a transporter.
 14009 | Gauntlet | Found a transporter.
 14021 | Gauntlet | Found a transporter.
 14021 | Gauntlet | Noticed an entropy weaver
 14040 | Gauntlet | Found a transporter.
 14056 | Gauntlet | Found a transporter.
 14058 | Gauntlet | Found a transporter.
 14136 | Gauntlet | Found a transporter.
 14214 | Gauntlet | Got a fine steel ring
 14217 | Gauntlet | Identified the Papyrus of Confrontation
 14220 | Gauntlet | Identified the ring of Lamniuf {AC+4 Str+7 Int-4} (You
                  | found it in a Gauntlet)
 14265 | Gauntlet | Identified the +4 great sword of Osuobu Tax {speed, +Rage
                  | rPois rN+ MP+9}
 14265 | Gauntlet | Noticed a minotaur
 14276 | Gauntlet | Killed a minotaur
 14276 | Gauntlet | Reached skill level 14 in Fighting
 14276 | Gauntlet | Gained mutation: Your large and strong wings let you fly
                  | indefinitely. [Gargoyle growth]
 14276 | Gauntlet | Reached XP level 14. HP: 44/96 MP: 14/14
 14282 | Gauntlet | Got a polished morningstar
 14373 | Lair:6   | Found a dark tunnel.
 14379 | Volcano  | Entered a volcano
 14508 | Volcano  | HP: 4/96 [something (22)]
 14660 | Volcano  | Received a gift from Okawaru
 14804 | Lair:6   | Reached skill level 15 in Fighting
 15079 | Lair:6   | Reached skill level 16 in Fighting
 15214 | Lair:6   | Found a staircase to the Slime Pits.
 15333 | Lair:6   | Received a gift from Okawaru
 15518 | Lair:6   | Identified the +5 morningstar "Meest" {elec, *Slow rN+
                  | Dex+2} (You found it in a Gauntlet)
 16224 | D:9      | Noticed Maurice
 16244 | D:9      | Killed Maurice
 16593 | D:10     | Entered Level 10 of the Dungeon
 17034 | D:10     | Noticed Snorg
 17045 | D:10     | Killed Snorg
 17045 | D:10     | Reached skill level 17 in Fighting
 17781 | D:11     | Noticed Erica
 17795 | D:11     | Killed Erica
 17795 | D:11     | Reached XP level 15. HP: 107/107 MP: 15/15
 18667 | D:12     | Reached skill level 18 in Fighting
 18754 | D:12     | Received a gift from Okawaru
 18859 | D:12     | Paralysed by a floating eye for 3 turns
 19133 | D:12     | Found a staircase to the Orcish Mines.
 19460 | Orc:1    | Entered Level 1 of the Orcish Mines
 19979 | Orc:2    | Entered Level 2 of the Orcish Mines
 20057 | Orc:2    | Found a staircase to the Elven Halls.
 20203 | Orc:2    | Found Jij Evvi's Antique Armour Shoppe.
 20210 | Orc:2    | Found Vusoaghi's Weapon Boutique.
 20221 | Orc:2    | Reached skill level 19 in Fighting
 20286 | Orc:2    | HP: 4/111 [ogre mage/bolt of lightning (5)]
 20296 | Orc:2    | HP: 3/111 [ogre mage/bolt of lightning (7)]
 20298 | Orc:2    | Killed from afar by an ogre mage

Illustrated notes

Levels and vault maps discovered:
D:1:      minmay_arrival_plants_in_alcoves, layout_loops_cross, serial_aquarium,
          aquarium_bridge_square [aquarium_subvault_wall,
          aquarium_subvault_balcony, aquarium_subvault_bridge,
          aquarium_subvault_balcony], aquarium_window_2, aquarium_window_1,
          aquarium_window_fake, aquarium_window_1, aquarium_view_2c,
          aquarium_view_2c
D:2:      layout_loops_ring, first_ration, lemuel_statue_altar
D:3:      layout_loops_ring, uniq_grinder
D:4:      layout_gridville, nicolae_ru_awakened_eye,
          nicolae_overflow_hidden_temple, lightli_sewer_entry_pipes
D:5:      layout_rooms, kennysheep_mini, serial_corexii_hall,
          corexii_hall_statues_l, corexii_hall_statues_l, uniq_eustachio
D:6:      layout_basic, minitemple, uniq_sigmund
D:7:      layout_basic, lemuel_coloured_pillars_altar,
          minmay_temple_entry_butterflies, serial_curves, eino_curves_03,
          eino_curves_03, eino_curves_02, eino_curves_03, minmay_diced_spiral
D:8:      layout_basic, grunt_temple_overflow_order_and_chaos_2,
          fiery_altar_vehumet, slow_altar_1, grunt_lair_entry_orc_guard_hut,
          hangedman_pestilent_swarm, serial_bayou_pond_a, hangedman_decor_lopped
D:9:      layout_roguey, uniq_maurice
D:10:     layout_gridville, kennysheep_small_circle, uniq_snorg
D:11:     layout_irregular_city, centaur_isle, uniq_erica
D:12:     layout_cave_pools, hiddenorc2_lemuel, onia_ninara_cookie
Temple:   minmay_temple_curvy_loop
Lair:1:   layout_chaotic_city, minmay_lair_oklob_chamber
Lair:2:   layout_chaotic_city, ebering_ghost_rock_garden,
          minmay_lair_oklob_bushes
Lair:3:   layout_roguey [special_room_bee], gammafunk_ghost_hive
Lair:4:   layout_roguey [special_room_mythical_zoo], elwin_shoals_entry_rocks,
          minmay_snake_entry_six_corridors, wad_woods_03
Lair:5:   layout_cave_pods
Lair:6:   gammafunk_lair_ancient_temple, layout_regular_city,
          minmay_slime_entry_jelly_boxes, gauntlet_entry_generic,
          enter_volcano_3
Orc:1:    layout_caves
Orc:2:    st_orc_open, layout_diamond_mine, mines2_lemuel

Skill      XL: |  1  2  3  4  5  6  7  8  9 10 11 12 13 14 15 |
---------------+----------------------------------------------+-----
Maces & Flails | 3 4 6 7 9 11 13 14 | 14.0
Shields        | 9 11 13 15 | 15.0
Fighting       | 8 11 14 17 19 | 19.4
Armour         | |  3.2

Action                   |  1- 3 |  4- 6 |  7- 9 | 10-12 | 13-15 || total
-------------------------+-------+-------+-------+-------+-------++-------
Melee: Flail             |   121 |    97 |   610 |   174 |       ||  1002
       Morningstar       |       |       |       |   514 |       ||   514
       Demon whip        |       |       |       |   238 |  1273 ||  1511
Throw: Javelin           |       |     6 |     2 |     3 |     3 ||    14
Invok: Heroism           |       |       |       |     1 |     3 ||     4
       Finesse           |       |       |       |       |     1 ||     1
 Abil: Fly               |       |       |       |       |     1 ||     1
  Use: Scroll            |       |     6 |     6 |     5 |    16 ||    33
       Potion            |       |       |     3 |     1 |     4 ||     8
  Eat: Chunk             |     3 |     1 |    14 |    20 |    26 ||    64
       Ration            |       |     1 |     6 |       |     1 ||     8
Armor: Scale mail        |    47 |       |       |       |       ||    47
       Chain mail        |    29 |    44 |   340 |   100 |       ||   513
       Ice dragon scales |       |       |       |   299 |   159 ||   458
       Plate armour      |       |       |       |       |   296 ||   296
Dodge: Dodged            |    28 |    19 |    96 |   216 |   224 ||   583
       Repelled          |       |       |       |       |    12 ||    12
Block: Kite shield       |    70 |    69 |   322 |   606 |   856 ||  1923
       Reflection        |       |       |       |       |    48 ||    48
